 Dungeon Crawl Stone Soup version 0.25-a0-339-gb37b713 (webtiles) character file.

Game seed: 5622008598829420572, levelgen mode: deterministic

112 Firecrotchwizard the Conjurer (level 4, -29/24 HPs)
             Began as a Tengu Fire Elementalist on Dec 28, 2019.
             Was a Follower of Vehumet.
             Blown up by Ijyb (33 damage)
             ... with a disintegration bolt
             ... on level 3 of the Dungeon.
             The game lasted 00:07:33 (3280 turns).

Firecrotchwizard the Conjurer (TeFE)                Turns: 3280, Time: 00:07:33

Health: -29/24     AC:  6    Str:  9    XL:     4   Next: 93%
Magic:  1/9        EV: 13    Int: 16    God:    Vehumet [*.....]
Gold:   115        SH:  0    Dex: 18    Spells: 0/8 levels left

rFire    . . .     SeeInvis .   m - +0 dagger (protect)
rCold    . . .     Gourm    .   (no shield)
rNeg     . . .     Faith    .   a - +0 robe
rPois    +         Spirit   .   (helmet restricted)
rElec    .         Reflect  .   o - +0 cloak
rCorr    .         Harm     .   q - +2 pair of gloves
MR       .....                  (boots unavailable)
Stlth    ++........             (no amulet)
HPRegen  0.08/turn              l - ring of poison resistance {rPois, !d}
MPRegen  0.11/turn              u - +4 ring of dexterity

@: no status effects
A: beak, talons 3
a: Renounce Religion


You were on level 3 of the Dungeon.
You worshipped Vehumet.
Vehumet was aware of your devotion.
You were not hungry.

You visited 1 branch of the dungeon, and saw 3 of its levels.

You collected 115 gold pieces.

Inventory:

Hand Weapons
 b - a +0 club
   (You took it off a hobgoblin on level 1 of the Dungeon)
 f - a +0 dagger
   (You took it off a kobold on level 1 of the Dungeon)
 m - a +0 dagger of protection (weapon)
   (You took it off a goblin on level 2 of the Dungeon)
Armour
 a - a +0 robe (worn)
 o - a +0 cloak (worn)
   (You found it on level 2 of the Dungeon)
 q - a +2 pair of gloves (worn)
   (You found it on level 2 of the Dungeon)
Jewellery
 l - a ring of poison resistance (left hand) {rPois, !d}
   (You found it on level 1 of the Dungeon)
 u - a +4 ring of dexterity (right hand)
   (You found it on level 3 of the Dungeon)
Scrolls
 e - a scroll of enchant weapon {unknown}
 k - 4 scrolls of identify
 p - a scroll of fear {unknown}
 r - 2 scrolls of fog
Potions
 d - a potion of agility {unknown}
 g - a potion of flight
 i - a potion of invisibility {unknown}
 j - a potion of cancellation {unknown}
 n - 2 potions of curing {unknown}
 s - a potion of berserk rage {unknown}
 t - a potion of heal wounds {unknown}
Comestibles
 c - 10 rations
 h - a chunk of flesh {@w0}


   Skills:
 - Level 2.1 Dodging
 - Level 2.0 Stealth
 + Level 2.7 Spellcasting
 * Level 4.3 Conjurations
 * Level 4.1 Fire Magic


You couldn't memorise any spells.
You knew the following spells:

 Your Spells              Type           Power        Failure   Level  Hunger
a - Foxfire               Conj/Fire      ###.         3%          1    #......
c - Conjure Flame         Conj/Fire      ###.....     10%         3    ###....
s - Sticky Flame          Conj/Fire      ###.....     32%         4    #####..

Your spell library contained the following spells:

 Spells                   Type           Power        Failure   Level  Hunger
 Freeze                   Ice            #...         19%         1    #......
 Inner Flame              Hex/Fire       #.......     24%         3    ###....
 Fireball                 Conj/Fire      ###.......   67%         5    ######.


Dungeon Overview and Level Annotations

Branches:
Dungeon (3/15)

Altars:
Fedhas
Trog
Vehumet

Annotations:
D:1 exclusion: gnoll
D:3 Ijyb


Innate Abilities, Weirdness & Mutations

You have a beak for a mouth.
You have claws for feet.


Message History

Vehumet accepts your kill. The quokka misses you.
You miscast Foxfire.
You are very lightly contaminated with residual magic.
Wisps of smoke drift from your hands. The quokka bites you.
You take 2 damage, and have 21/24 hp.
You now have 4/9 mp.
The quokka misses you.
There is an open door here.
A rat comes into view.
The quokka bites you but does no damage.
You conjure some foxfire!
The quokka bites you.
You take 2 damage, and have 19/24 hp.
You closely miss the quokka. You claw the quokka, but do no damage.
The foxfire hits the quokka.
You kill the quokka!
Vehumet accepts your kill.
The foxfire hits the worm.
You conjure some foxfire!
You now have 3/9 mp.
You conjure some foxfire!
The foxfire hits the worm!
You now have 2/9 mp.
You conjure some foxfire!
The foxfire hits the worm. x2
The foxfire hits the worm!
You kill the worm!
Vehumet accepts your kill.
You start resting.
Your magical contamination has completely faded away.
You start resting.
Eating a chunk of flesh {@w0}.
You eat the chunk of flesh {@w0}.
Health restored: 24; MP restored: 9
Okay, then.
This spell is quite dangerous to cast!
Memorise Sticky Flame, consuming 4 spell levels and leaving 0?
You start memorising the spell.
You continue memorising. x4
You finish memorising.
Spell assigned to 's'.
There is an open door here.
Things that are here:
a +0 club; a goblin corpse
Okay, then.
You butcher the goblin corpse.
h - a chunk of flesh {@w0}
Things that are here:
a +0 club; a goblin skeleton
Things that are here:
a +0 club; a goblin skeleton You open the door.
There is an open door here.
c - 8 rations (gained 1)
c - 9 rations (gained 1)
There is an open door here.
k - 4 scrolls of identify (gained 1)
p - a scroll labeled JOHEKHL CACUHI
u - a wooden ring You feel agile.
u - a +4 ring of dexterity (right hand) Ijyb the Twisted Goblin comes into view.
She is wielding a +0 club and carrying a wand of disintegration (16).
Ijyb shouts!
Ijyb moves out of view.
c - 10 rations (gained 1)
You conjure some foxfire!
You now have 8/9 mp.
You conjure some foxfire!
The foxfire hits Ijyb but does no damage.
You now have 7/9 mp.
The foxfire hits Ijyb but does no damage.
You conjure some foxfire!
The foxfire hits Ijyb.
Ijyb screams, "I cut your head off!"
You now have 6/9 mp.
The foxfire hits Ijyb. x2
You conjure some foxfire!
You now have 5/9 mp.
The foxfire hits Ijyb but does no damage.
The foxfire hits Ijyb.
Ijyb zaps a wand.
You are blasted!
You take 11 damage, and have 13/24 hp.
MASSIVE DAMAGE!!
You conjure some foxfire!
The foxfire hits Ijyb.
You conjure some foxfire!
You now have 4/9 mp.
The foxfire hits Ijyb but does no damage.
The foxfire hits Ijyb.
You conjure some foxfire!
You now have 3/9 mp.
The foxfire hits Ijyb but does no damage. x2
You conjure some foxfire!
Ijyb screams, "You nasty!
Big nasty!"
You now have 2/9 mp.
The foxfire hits Ijyb. x2
Ijyb zaps a wand.
You are blasted!
* * * LOW HITPOINT WARNING * * *
You take 10 damage, and have 4/24 hp.
MASSIVE DAMAGE!!
You conjure some foxfire!
Ijyb zaps a wand.
You are blasted!
Ouch! That really hurt!
You die...

#..............
#######........ #######
#........ #.....# #........
#.....########## #........
#..............#####........
#..........§.............)..
+.......g.v§.............)..
#.........§@....#.......()..
#.....######v..(#...........
#.....# #...###..#######'
#.....# #...# #.... #..
#.....# #..## ##.... #..
.......# #..# #..... #..
.####### ####.. #.... #.. ..
... #.. ....# ##.


You could see Ijyb.

Vanquished Creatures
  4 adders
  A worm (D:3)
  3 dart slugs
  A leopard gecko (D:2)
  An orc (D:3)
  2 giant cockroaches
  9 hobgoblins
  6 kobolds
  2 quokkas
  5 bats
  5 frilled lizards
  11 goblins
  17 rats
67 creatures vanquished.

Vanquished Creatures (others)
  92 foxfires
92 creatures vanquished.

Grand Total: 159 creatures vanquished

Notes
Turn   | Place    | Note
-------+----------+-------------------------------------------
     0 | D:1      | Firecrotchwizard the Tengu Fire Elementalist began the
                  | quest for the Orb.
     0 | D:1      | Reached XP level 1. HP: 10/10 MP: 4/4
    60 | D:1      | HP: 1/10 [hobgoblin/+0 club (4)]
    64 | D:1      | Reached skill level 2 in Conjurations
    78 | D:1      | Reached XP level 2. HP: 3/15 MP: 0/6
  1033 | D:1      | Reached XP level 3. HP: 19/19 MP: 7/7
  1175 | D:1      | Reached skill level 3 in Conjurations
  1384 | D:1      | Learned a level 3 spell: Conjure Flame
  1999 | D:2      | Found a radiant altar of Vehumet.
  2007 | D:2      | Became a worshipper of Vehumet
  2051 | D:2      | Reached XP level 4. HP: 17/24 MP: 6/8
  2536 | D:2      | Reached skill level 4 in Conjurations
  2559 | D:2      | Found a blossoming altar of Fedhas.
  2730 | D:2      | Found a bloodstained altar of Trog.
  2783 | D:2      | Reached skill level 4 in Fire Magic
  3096 | D:3      | Reached * piety under Vehumet
  3096 | D:3      | Offered knowledge of Freeze by Vehumet.
  3189 | D:3      | Learned a level 4 spell: Sticky Flame
  3262 | D:3      | Noticed Ijyb
  3279 | D:3      | HP: 4/24 [disintegration (10)]
  3280 | D:3      | Blown up by Ijyb

Levels and vault maps discovered:
D:1:      erik_arrival_orb_chamber, layout_loops_corners,
          hangedman_decor_peaks_small, minmay_vboxes
D:2:      layout_loops_corners, lemuel_round_altar, vehumet_crystals,
          minmay_misc_feat_alley, fedhas_ov_isle_minmay
D:3:      layout_basic, kiku_gazebo_garden_becter,
          minmay_overflow_temple_star_quad, makhleb_altar_promises_db,
          supply_closet_lemuel, uniq_ijyb

Skill      XL: |  1  2  3  4 |
---------------+-------------+-----
Conjurations   | 2 3 4 |  4.3
Fire Magic     | 4 |  4.1
Dodging        | |  2.1
Stealth        | |  2.0
Spellcasting   | |  2.7

Action                   |  1- 3 |  4- 6 || total
-------------------------+-------+-------++-------
Melee: Unarmed           |    16 |       ||    16
       Kick              |    13 |     8 ||    21
       Peck              |     8 |     3 ||    11
       Club              |    13 |       ||    13
       Dagger            |    37 |    24 ||    61
 Cast: Foxfire           |    26 |    32 ||    58
  Use: Scroll            |     1 |     8 ||     9
 Stab: Sleeping          |     8 |     1 ||     9
  Eat: Chunk             |     4 |     4 ||     8
Armor: Robe              |     8 |    11 ||    19
Dodge: Dodged            |    39 |    22 ||    61

Table legend:
 A = Non-vault XP
 B = Vault XP
 C = Vault XP percentage of total XP
 D = Non-vault monster count
 E = Vault monster count
 F = Vault count percentage of total count
                 A         B        C        D         E       F
            +---------+---------+-------+---------+---------+-------
      Total |     133 |      27 |  16.9 |      47 |      20 |  29.9
            +---------+---------+-------+---------+---------+-------
        D:1 |      28 |      27 |  49.1 |      16 |      20 |  55.6
        D:2 |      65 |       0 |   0.0 |      19 |       0 |   0.0
        D:3 |      40 |       0 |   0.0 |      12 |       0 |   0.0
            +---------+---------+-------+---------+---------+-------

Levels and vault maps discovered:
D:1:      erik_arrival_orb_chamber, layout_loops_corners,
          hangedman_decor_peaks_small, minmay_vboxes
D:2:      layout_loops_corners, lemuel_round_altar, vehumet_crystals,
          minmay_misc_feat_alley, fedhas_ov_isle_minmay
D:3:      layout_basic, kiku_gazebo_garden_becter,
          minmay_overflow_temple_star_quad, makhleb_altar_promises_db,
          supply_closet_lemuel, uniq_ijyb

Table legend:
 A = Turns spent in this place as a percentage of turns spent in the entire game.
 B = Non-inter-level travel turns spent in this place as a percentage of non-inter-level travel turns spent in the entire game.
 C = Inter-level travel turns spent in this place as a percentage of turns spent in this place.
 D = Turns resting spent in this place as a percentage of non-inter-level travel turns spent in this place.
 E = Turns spent auto-exploring this place as a percentage of non-inter-level travel turns spent in this place.
 F = Non-inter-level travel turns spent in this place divided by the number of levels of this place that you've seen.
                   A       B       C       D       E      F
               +-------+-------+-------+-------+-------+----------------------
         Total | 100.0 | 100.0 |   1.6 |  35.6 |  49.6 | 1076.3
       Dungeon | 100.0 | 100.0 |   1.6 |  35.6 |  49.6 | 1076.3
               +-------+-------+-------+-------+-------+----------------------

Table legend:
 A = Kills in this place as a percentage of kills in entire the game.
 B = Kills by you in this place as a percentage of kills by you in the entire game.
 C = Kills by friends in this place as a percentage of kills by friends in the entire game.
 D = Other kills in this place as a percentage of other kills in the entire game.
 E = Experience gained in this place as a percentage of experience gained in the entire game.
 F = Experience gained in this place divided by the number of levels of this place that you have seen.
                   A       B       C       D       E      F
               +-------+-------+-------+-------+-------+----------------------
         Total | 100.0 | 100.0 |   N/A |   N/A | 100.0 |  53.3
       Dungeon | 100.0 | 100.0 |   N/A |   N/A | 100.0 |  53.3
               +-------+-------+-------+-------+-------+----------------------
